 Dungeon Crawl Stone Soup version 0.24-a0-312-g16217b4 (webtiles) character file.

Game seed: 18253185000911254396

200817 nikopol the Sorcerer (level 17, -3/84 HPs)
             Began as a Deep Elf Fire Elementalist on May 14, 2019.
             Was the Champion of Vehumet.
             Slain by a spark wasp (5 damage)
             ... on level 4 of the Spider Nest on May 15, 2019.
             The game lasted 02:29:43 (39824 turns).

nikopol the Sorcerer (Deep Elf Fire Elementalist)  Turns: 39824, Time: 02:29:44

Health: -3/84      AC: 13    Str:  5    XL:     17   Next: 89%
Magic:  60/60      EV: 14    Int: 28    God:    Vehumet [******]
Gold:   2436       SH:  7    Dex: 15    Spells: 16/60 levels left

rFire    + . .     SeeInvis +   e - staff of power
rCold    x x .     Gourm    .   E - +2 buckler
rNeg     . . .     Faith    .   z - +1 leather armour "Voesekog" {rElec rPois rC-}
rPois    +         Spirit   .   d - +1 hat
rElec    +         Reflect  .   L - +0 cloak
rCorr    .         Harm     .   w - +2 pair of gloves
MR       +....                  V - +2 pair of boots
Stlth    +++.......             G - amulet of regeneration
HPRegen  0.64/turn              A - ring of fire
MPRegen  0.37/turn              K - ring of see invisible

@: about to teleport
A: no striking features
}: 1/15 runes: barnacled
a: Renounce Religion


You were on level 4 of the Spider Nest.
You worshipped Vehumet.
Vehumet was exalted by your worship.
You were not hungry.

You visited 6 branches of the dungeon, and saw 32 of its levels.
You also visited: Ossuary.

You collected 2783 gold pieces.
You spent 347 gold pieces at shops.

Inventory:

Armour
 d - a +1 hat (worn)
 w - a +2 pair of gloves (worn)
 z - the +1 leather armour "Voesekog" (worn) {rElec rPois rC-}
   (You bought it in a shop on level 5 of the Dungeon)

   It makes you vulnerable to cold.
   It insulates you from electricity.
   It protects you from poison.
 E - a +2 buckler (worn)
 L - a +0 cloak (worn)
 S - the +1 robe of Insurance {rF++ rC- rN+ Dex+2}
   (You found it on level 6 of the Lair of Beasts)

   It affects your dexterity (+2).
   It greatly protects you from fire.
   It makes you vulnerable to cold.
   It protects you from negative energy.
 T - a +2 robe of the Archmagi
 V - a +2 pair of boots (worn)
Magical Staves
 e - an uncursed staff of power (weapon)
Jewellery
 o - an uncursed ring of protection from cold
 A - a ring of fire (left hand)
 G - an amulet of regeneration (around neck)
 K - a ring of see invisible (right hand)
 R - an uncursed ring of flight
 Z - an uncursed ring of magical power
Wands
 h - a wand of random effects (71)
 i - a wand of polymorph (39)
 p - a wand of iceblast (15)
 u - a wand of disintegration (45)
 B - a wand of flame (25)
 H - a wand of acid (27)
 U - a wand of digging (2)
 X - a wand of paralysis (10)
Scrolls
 f - 5 scrolls of enchant weapon
 g - 7 scrolls of identify
 n - 7 scrolls of remove curse
 q - 13 scrolls of teleportation
 x - a scroll of summoning
 y - a scroll of fog
 D - 10 scrolls of magic mapping
 F - 4 scrolls of enchant armour
 M - a scroll of fear
 N - 6 scrolls of immolation
 O - 3 scrolls of amnesia
 Q - 2 scrolls of blinking
Potions
 a - 3 potions of magic
 b - 2 potions of haste
 j - 3 potions of ambrosia
 k - 5 potions of agility
 l - 8 potions of heal wounds
 m - 3 potions of mutation
 r - 14 potions of curing
 s - 3 potions of lignification
 t - 5 potions of flight
 v - 4 potions of brilliance
 I - 3 potions of invisibility
 W - 5 potions of might
 Y - a potion of cancellation
Miscellaneous
 C - a crystal ball of energy
Comestibles
 c - 42 rations


   Skills:
 + Level 2.0 Fighting
 + Level 5.9 Armour
 + Level 5.8 Dodging
 + Level 5.5 Stealth
 + Level 5.0 Shields
 + Level 22.3 Spellcasting
 + Level 17.9 Conjurations
 + Level 17.6 Fire Magic
 + Level 6.6 Earth Magic
 + Level 1.1 Evocations


You had 16 spell levels left.
You knew the following spells:

 Your Spells              Type           Power        Failure   Level  Hunger
a - Flame Tongue          Conj/Fire      #####        0%          1    None
b - Throw Flame           Conj/Fire      ######       0%          2    None
c - Conjure Flame         Conj/Fire      ########     0%          3    None
d - Sticky Flame          Conj/Fire      ########     0%          4    None
e - Fireball              Conj/Fire      ########..   1%          5    None
f - Iron Shot             Conj/Erth      #######...   1%          6    None
g - Bolt of Magma         Conj/Fire/Erth ########..   1%          5    None
h - Force Lance           Conj/Tloc      ######..     1%          4    None
i - Ignition              Fire           ########..   2%          8    #####..
j - Freezing Cloud        Conj/Ice/Air   ######....   6%          6    None

Your spell library contained the following spells:

 Spells                   Type           Power        Failure   Level  Hunger
 Lehudib's Crystal Spear  Conj/Erth      #######...   19%         8    #####..
 Fire Storm               Conj/Fire      ########..   30%         9    ######.
 Chain Lightning          Conj/Air       ######....   54%         8    #####..
 Magic Dart               Conj           ####         0%          1    None
 Searing Ray              Conj           ######       0%          2    None
 Iskenderun's Mystic Bla  Conj           #######.     0%          4    None
 Animate Skeleton         Necr           N/A          1%          1    None
 Apportation              Tloc           ####..       1%          1    None
 Confusing Touch          Hex            ####..       1%          1    None
 Corona                   Hex            ####...      1%          1    None
 Pain                     Necr           ####         1%          1    None
 Sandblast                Erth           ######       1%          1    None
 Sting                    Conj/Pois      ####         1%          1    None
 Summon Butterflies       Summ           ####....     1%          1    None
 Summon Small Mammal      Summ           ####         1%          1    None
 Passwall                 Tmut/Erth      #####...     1%          2    None
 Dazzling Spray           Conj/Hex       ######       1%          3    None
 Inner Flame              Hex/Fire       #######.     1%          3    None
 Mephitic Cloud           Conj/Pois/Air  ######..     1%          3    None
 Static Discharge         Conj/Air       ######..     1%          3    None
 Stone Arrow              Conj/Erth      ######       1%          3    None
 Fulminant Prism          Conj/Hex       ######....   1%          4    None
 Iskenderun's Battlesphe  Conj/Chrm      ######..     1%          5    None
 Lee's Rapid Deconstruct  Erth           ######....   1%          5    None
 Lightning Bolt           Conj/Air       ######....   1%          5    None
 Venom Bolt               Conj/Pois      ######....   1%          5    None
 Orb of Destruction       Conj           #######...   1%          7    ###....
 Ensorcelled Hibernation  Hex/Ice        ####..       2%          2    None
 Poisonous Vapours        Pois/Air       ####..       2%          2    None
 Olgreb's Toxic Radiance  Pois           ####....     4%          4    None
 Petrify                  Tmut/Erth      #####...     4%          4    None
 Confuse                  Hex            ####....     5%          3    None
 Recall                   Summ/Tloc      N/A          5%          3    None
 Regeneration             Chrm/Necr      ####......   5%          3    None
 Tukima's Dance           Hex            ####....     5%          3    None
 Vampiric Draining        Necr           ####......   5%          3    None
 Spellforged Servitor     Conj/Summ      ######....   11%         7    ###....
 Animate Dead             Necr           N/A          17%         4    None
 Aura of Abjuration       Summ           ####......   43%         5    None
 Summon Demon             Summ           ####......   43%         5    None
 Summon Forest            Summ/Tloc      ####......   43%         5    None
 Summon Mana Viper        Hex/Summ       ####....     43%         5    None
 Shadow Creatures         Summ           N/A          95%         6    None
 Malign Gateway           Summ/Tloc      ####......   100%        7    ###....
 Shatter                  Erth           ######....   100%        9    ######.
 Tornado                  Air            ####......   100%        9    ######.


Dungeon Overview and Level Annotations

Branches:
Dungeon (15/15)            Temple (1/1) D:5            Lair (6/6) D:10
 Shoals (4/4) Lair:2       Spider (4/4) Lair:2        Slime (0/5) Lair:5
    Orc (2/2) D:10            Elf (0/3) Orc:2        Vaults (0/5) D:14
 Depths (0/5) D:15

Altars:
Ashenzari
Elyvilon
Fedhas
Gozag
Kikubaaqudgha
Makhleb
Nemelex Xobeh
Okawaru
Qazlal
Sif Muna
Uskayaw
Vehumet
Wu Jian
Yredelemnul
Zin
The Shining One
Beogh

Shops:
D:5 *   D:6 }   D:8 %   D:10 =   D:15 *   Orc:2 [((*

Portals:
Trove: D:11 (give +7 demon blade)

Annotations:
D:8 3 runed translucent doors, Loge's ghost, novice TeHu; Yorgos's ghost, novice SpSk


Message History

A hornet comes into view. x2
The hornet evades a web.
The spark wasp stings you! The spark wasp shocks you. You resist.
A moth of wrath comes into view.
As you read the scroll of teleportation, it crumbles to dust.
You feel strangely unstable.
The hornet is caught in a web!
The spark wasp misses you.
A hornet comes into view.
The hornet pulls away from the web.
The spark wasp stings you!! The spark wasp shocks you. You resist.
The hornet is caught in a web!
The moth of wrath goads the hornet on!
The hornet goes berserk!
The hornet pulls away from the web.
The spark wasp stings you!!
* * * LOW HITPOINT WARNING * * *
The spark wasp shocks you. You resist.
* * * LOW HITPOINT WARNING * * *
The hornet is caught in a web!
The spark wasp stings you!
* * * LOW HITPOINT WARNING * * *
The spark wasp shocks you. You resist.
You die...

##### #### ###..≈#
###≈≈#######....≈#####
#...≈≈≈#≈...@..^.≈...###
##..≈≈≈....##yy##.....≈######
##.##...≈###y.##≈≈#.^:^#≈≈≈#
###....## #..y#####≈..≈≈≈≈≈
#...≈# ##y.# #.....##≈
##...## #''# ##≈^...# ##≈..##
^##.. ###..≈## #...#### s.
...# ##..≈≈ #≈..#^^#


y.s ...+ #.... You could see a spark wasp, a moth of wrath and 3 hornets.

Vanquished Creatures
  Mara (Spider:3)
  Nikola (Shoals:3)
  Arachne (Spider:3)
  The ghost of XanderDroid the Executioner, an adept MiBe of Trog (Shoals:4)
  Gastronok (Lair:2)
  The ghost of Ijustatesigmund the Octopoid Aeon, an adept OpFi of Cheibriados (Spider:2)
  A frost giant (Shoals:4)
  3 ghost moths
  2 orc warlords (Orc:2)
  A war gargoyle (D:14)
  An ironheart preserver (D:14)
  A stone giant (Orc:2)
  2 entropy weavers
  Azrael (Spider:1)
  An ettin (Orc:2)
  2 merfolk javelineers
  7 merfolk impalers
  A yaktaur captain (D:15)
  Erolcha (D:10)
  10 hydras
  3 centaur warriors
  2 satyrs
  4 merfolk aquamancers
  6 two-headed ogres
  7 dancing weapons (Spider:1)
  2 merfolk avatars
  A death yak (Lair:6)
  The ghost of Elon the Thaumaturge, a journeyman DEFE of Vehumet (Lair:1)
  5 orc high priests
  Sonja (Lair:2)
  7 sea snakes
  5 unseen horrors
  A wizard (D:14)
  13 harpies
  5 orc knights
  Pikel (D:8)
  11 orb spiders
  4 deep elf magi
  2 oklob plants
  7 ugly things (D:14)
  3 cyclopes
  11 manticores
  4 orc sorcerers
  19 wolf spiders
  17 elephants
  7 merfolk sirens
  11 gargoyles
  A torpor snail (Spider:4)
  4 black mambas
  5 spiny frogs
  4 water nymphs
  6 komodo dragons
  A yaktaur (D:15)
  9 demonic crawlers
  A kobold demonologist (D:14)
  A rime drake (Lair:3)
  7 harpy zombies
  28 merfolk
  3 meliai (D:15)
  24 jumping spiders
  6 polar bears
  4 wind drakes
  8 hornets
  8 trolls
  21 blink frogs
  4 dream sheep
  13 hippogriffs
  3 slime creatures (D:14)
  A raiju (shapeshifter) (D:14)
  A centaur simulacrum (D:15)
  4 snapping turtles
  A shadow (D:12)
  3 wraiths
  56 redbacks
  16 water elementals
  29 tarantellas
  25 yaks
  Sigmund (D:2)
  2 vampires
  11 spriggans
  Eustachio (D:6)
  2 wyverns
  A fire elemental (Spider:1)
  A steam dragon (D:14)
  2 basilisks (Lair:6)
  Grum (D:8)
  3 hungry ghosts
  2 vampire mosquitoes (D:12)
  11 wargs
  3 hell hounds (Spider:1)
  An acid dragon (D:12)
  16 water moccasins
  5 porcupines
  2 slaves (D:8)
  46 orc warriors
  3 ice beasts
  2 sky beasts
  6 black bears
  4 phantoms
  22 wolves
  4 boggarts (Lair:6)
  18 ogres
  18 centaurs
  8 crocodiles
  14 bullfrogs
  A hippogriff zombie (Shoals:2)
  2 big kobolds
  A gnoll sergeant (D:8)
  7 scorpions
  24 killer bees
  26 wights
  4 electric eels
  6 crimson imps
  2 howler monkeys (D:11)
  6 centaur zombies
  A quasit (D:12)
  A human zombie (Ossuary)
  9 jellies
  9 hounds
  26 orc priests
  2 iguanas (D:10)
  2 centaur skeletons
  Terence (D:2)
  A bullfrog skeleton (D:10)
  23 orc wizards
  10 worker ants
  3 ogre zombies (Ossuary)
  7 mummies (Ossuary)
  A hound skeleton (D:4)
  2 worker ant zombies
  13 adders
  32 gnolls
  2 shadow imps
  2 oozes
  5 adder zombies
  2 adder skeletons
  5 worms
  A dart slug (D:1)
  9 leopard geckos
  116 orcs
  A bat zombie (Shoals:2)
  6 giant cockroaches
  8 goblins
  10 hobgoblins
  9 jackals
  3 quokkas
  9 bats
  10 frilled lizards
  A giant cockroach zombie (D:5)
  9 goblin zombies (Ossuary)
  3 hobgoblin zombies (Ossuary)
  14 kobolds
  6 kobold zombies (Ossuary)
  3 quokka skeletons
  11 rats
  3 rat zombies (Ossuary)
  5 fungi
  14 plants
1196 creatures vanquished.

Vanquished Creatures (collateral kills)
  A troll (D:15)
1 creature vanquished.

Vanquished Creatures (others)
  9 fungi
  11 plants
  A withered plant (D:8)
21 creatures vanquished.

Grand Total: 1218 creatures vanquished

Notes
Turn   | Place    | Note
-------+----------+-------------------------------------------
     0 | D:1      | nikopol the Deep Elf Fire Elementalist began the quest for
                  | the Orb.
     0 | D:1      | Reached XP level 1. HP: 10/10 MP: 6/6
   244 | D:1      | Reached XP level 2. HP: 15/15 MP: 6/8
  1094 | D:2      | Reached XP level 3. HP: 19/19 MP: 6/9
  1098 | D:2      | Learned a level 2 spell: Throw Flame
  1102 | D:2      | Learned a level 3 spell: Conjure Flame
  1222 | D:2      | Reached skill level 1 in Shields
  1396 | D:2      | Noticed Terence
  1404 | D:2      | Killed Terence
  1404 | D:2      | Reached XP level 4. HP: 24/24 MP: 0/11
  1496 | D:2      | Learned a level 4 spell: Sticky Flame
  1567 | D:2      | Noticed Sigmund
  1578 | D:2      | Killed Sigmund
  1578 | D:2      | Reached skill level 4 in Spellcasting
  1578 | D:2      | Reached XP level 5. HP: 13/28 MP: 1/13
  2333 | D:3      | Reached XP level 6. HP: 26/32 MP: 15/15
  2731 | D:3      | Reached skill level 5 in Spellcasting
  2737 | D:3      | Reached skill level 5 in Fire Magic
  3235 | D:4      | Found a sand-covered staircase.
  3244 | Ossuary  | Entered an ossuary
  3431 | Ossuary  | Reached XP level 7. HP: 35/36 MP: 16/16
  4056 | D:4      | You fall through a shaft for 3 floors!
  4229 | D:5      | Entered Level 5 of the Dungeon
  4286 | D:5      | Reached skill level 6 in Spellcasting
  4286 | D:5      | Reached XP level 8. HP: 41/41 MP: 19/19
  4296 | D:5      | Learned a level 5 spell: Fireball
  4333 | D:5      | Found a staircase to the Ecumenical Temple.
  4346 | Temple   | Entered the Ecumenical Temple
  4388 | Temple   | Became a worshipper of Vehumet
  5028 | D:5      | Reached skill level 7 in Spellcasting
  5183 | D:5      | Found a basalt altar of Yredelemnul.
  5233 | D:5      | Reached skill level 5 in Conjurations
  5349 | D:5      | Found Viz Wor's Assorted Antiques.
  5357 | D:5      | Bought a scorched leather armour for 161 gold pieces
  5370 | D:5      | Identified the +1 leather armour "Voesekog" {rElec rPois
                  | rC-} (You bought it in a shop on level 5 of the Dungeon)
  5859 | D:6      | Found Tode's Gadget Boutique.
  5864 | D:6      | Noticed Eustachio
  5940 | D:6      | Reached * piety under Vehumet
  5940 | D:6      | Offered knowledge of Shock by Vehumet.
  6055 | D:6      | Reached skill level 8 in Spellcasting
  6140 | D:6      | Reached XP level 9. HP: 45/45 MP: 23/23
  6357 | D:6      | Reached skill level 1 in Armour
  6363 | D:6      | Reached ** piety under Vehumet
  6363 | D:6      | Offered knowledge of Sting by Vehumet.
  6844 | D:6      | Killed Eustachio
  7013 | D:7      | Reached skill level 9 in Spellcasting
  7362 | D:7      | Found a deep blue altar of Sif Muna.
  7373 | D:7      | Offered knowledge of Ignite Poison by Vehumet.
  7437 | D:7      | Killed an unseen horror
  7708 | D:7      | Reached XP level 10. HP: 41/50 MP: 25/25
  7861 | D:8      | Noticed a two-headed ogre
  7870 | D:8      | Noticed Grum
  7871 | D:8      | Killed a two-headed ogre
  7871 | D:8      | Reached skill level 10 in Spellcasting
  7875 | D:8      | Killed Grum
  7879 | D:8      | Noticed Pikel
  7881 | D:8      | Reached *** piety under Vehumet
  8243 | D:8      | You fall through a shaft for 3 floors!
  8243 | D:11     | Noticed a two-headed ogre
  8249 | D:10     | Entered Level 10 of the Dungeon
  8249 | D:10     | Found Uzos Qul's Jewellery Shop.
  8581 | D:10     | Offered knowledge of Force Lance by Vehumet.
  8587 | D:10     | Learned a level 4 spell: Force Lance
  8880 | D:9      | Got a transparent great sword
  8891 | D:9      | Identified the cursed +1 great sword of Joyful Slaughter
                  | {slice, rElec Int+4 Dex+4} (You found it on level 9 of the
                  | Dungeon)
  8917 | D:9      | Reached **** piety under Vehumet
  8917 | D:9      | Reached skill level 1 in Evocations
  8920 | D:9      | Reached skill level 11 in Spellcasting
  8937 | D:9      | Offered knowledge of Bolt of Draining by Vehumet.
  9318 | D:8      | Reached XP level 11. HP: 50/54 MP: 28/28
  9348 | D:8      | Found Apnyll's Food Boutique.
  9614 | D:8      | Killed Pikel
  9614 | D:8      | Reached skill level 10 in Fire Magic
  9951 | D:8      | Found a runed translucent gate.
  9951 | D:8      | Found a runed translucent gate.
  9951 | D:8      | Found a runed translucent gate.
  9951 | D:8      | Noticed Loge's ghost (novice TeHu)
  9952 | D:8      | Noticed Yorgos's ghost (novice SpSk)
 10002 | D:8      | Reached skill level 12 in Spellcasting
 10521 | D:10     | Found a staircase to the Lair.
 10615 | D:10     | Found a staircase to the Orcish Mines.
 10630 | D:10     | Noticed Erolcha
 10639 | D:10     | Killed Erolcha
 11042 | Lair:1   | Entered Level 1 of the Lair of Beasts
 11362 | Lair:1   | Noticed an oklob plant
 11369 | Lair:1   | Killed an oklob plant
 11548 | Lair:1   | Found a runed translucent door.
 11552 | Lair:1   | Noticed Elon's ghost (journeyman DEFE)
 11557 | Lair:1   | Killed Elon's ghost
 11593 | Lair:1   | Identified the Incunabulum of Calling and Air
 11623 | Lair:2   | Noticed a five-headed hydra
 11626 | Lair:2   | Killed a five-headed hydra
 11626 | Lair:2   | Reached ***** piety under Vehumet
 11626 | Lair:2   | Reached skill level 5 in Armour
 11626 | Lair:2   | Reached skill level 13 in Spellcasting
 11632 | Lair:2   | Noticed Gastronok
 11648 | Lair:2   | Killed Gastronok
 11648 | Lair:2   | Reached skill level 10 in Conjurations
 11842 | Lair:2   | Offered knowledge of Iskenderun's Mystic Blast by Vehumet.
 11847 | Lair:2   | Reached XP level 12. HP: 60/60 MP: 31/31
 11878 | Lair:2   | Found a hole to the Spider Nest.
 12307 | Lair:2   | Noticed Sonja
 12357 | Lair:2   | Reached skill level 14 in Spellcasting
 12363 | Lair:2   | Killed Sonja
 12499 | Lair:2   | Found a staircase to the Shoals.
 12989 | Lair:3   | Noticed a five-headed hydra
 12996 | Lair:3   | Killed a five-headed hydra
 12997 | Lair:3   | Noticed a seven-headed hydra
 13000 | Lair:3   | Killed a seven-headed hydra
 13498 | Lair:3   | Reached skill level 15 in Spellcasting
 13603 | Lair:3   | Noticed a seven-headed hydra
 13607 | Lair:3   | Killed a seven-headed hydra
 14104 | Lair:3   | Reached XP level 13. HP: 64/64 MP: 34/34
 14488 | Lair:4   | Got a slimy chain mail
 14550 | Lair:4   | Identified the +7 chain mail "Hero's Friend" {rC+} (You
                  | found it on level 4 of the Lair of Beasts)
 15513 | Lair:5   | Reached skill level 16 in Spellcasting
 15700 | Lair:5   | Found a staircase to the Slime Pits.
 16286 | Lair:6   | Entered Level 6 of the Lair of Beasts
 16525 | Lair:6   | Offered knowledge of Freezing Cloud by Vehumet.
 16822 | Lair:6   | Learned a level 5 spell: Bolt of Magma
 16829 | Lair:6   | Learned a level 6 spell: Iron Shot
 16833 | Lair:6   | Got a faintly glowing robe
 16844 | Lair:6   | Identified the +1 robe of Insurance {rF++ rC- rN+ Dex+2}
                  | (You found it on level 6 of the Lair of Beasts)
 17047 | Lair:6   | Reached skill level 17 in Spellcasting
 17071 | Lair:6   | Got an opalescent robe
 17082 | Lair:6   | Identified the cursed +1 robe "Umnucu" {rF+ Str+5 Stlth-}
                  | (You found it on level 6 of the Lair of Beasts)
 17710 | Lair:6   | Reached XP level 14. HP: 61/68 MP: 37/37
 17718 | Lair:6   | Learned a level 6 spell: Freezing Cloud
 17796 | Lair:6   | Got a crystal broad axe
 17797 | Lair:6   | Identified the +7 broad axe of Exquisite Torment {freeze,
                  | rElec MR+ Dex+3} (You found it on level 6 of the Lair of
                  | Beasts)
 18463 | Orc:1    | Entered Level 1 of the Orcish Mines
 18569 | Orc:1    | Offered knowledge of Bolt of Fire by Vehumet.
 18569 | Orc:1    | Reached skill level 5 in Stealth
 19142 | Orc:2    | Entered Level 2 of the Orcish Mines
 19901 | Orc:2    | Noticed a stone giant
 19905 | Orc:2    | Killed a stone giant
 19905 | Orc:2    | Reached skill level 1 in Earth Magic
 20019 | Orc:2    | Noticed an orc warlord
 20661 | Orc:2    | Found a staircase to the Elven Halls.
 20897 | Orc:2    | Reached skill level 18 in Spellcasting
 20999 | Orc:2    | Found a roughly hewn altar of Beogh.
 21017 | Orc:2    | Found Foirui's General Store.
 21060 | Orc:2    | Offered knowledge of Bolt of Cold by Vehumet.
 21284 | Orc:2    | Found Xunuxoshre's Antique Weapon Emporium.
 21533 | Orc:2    | Killed an orc warlord
 21888 | Orc:2    | Found a roughly hewn altar of Beogh.
 21888 | Orc:2    | Noticed an orc warlord
 21895 | Orc:2    | Killed an orc warlord
 22207 | Orc:2    | Found Visisun's Armour Emporium.
 22217 | Orc:2    | Found Otiat's Weapon Shoppe.
 23126 | D:11     | Found a blossoming altar of Fedhas.
 23482 | D:11     | Reached ****** piety under Vehumet
 23505 | D:11     | Reached XP level 15. HP: 72/72 MP: 31/39
 23842 | D:11     | Found a portal to a secret trove of treasure.
 23910 | D:12     | Offered knowledge of Ozocubu's Refrigeration by Vehumet.
 24435 | D:12     | Reached skill level 15 in Fire Magic
 25010 | D:13     | Reached skill level 19 in Spellcasting
 25440 | D:13     | Found a sparkling altar of Nemelex Xobeh.
 25703 | D:14     | Reached skill level 15 in Conjurations
 25884 | D:14     | Found a blossoming altar of Fedhas.
 25944 | D:14     | Reached skill level 1 in Fighting
 26669 | D:14     | Found a gate to the Vaults.
 27240 | D:14     | Reached skill level 5 in Dodging
 27750 | D:15     | Entered Level 15 of the Dungeon
 27825 | D:15     | Found Zoghy's Assorted Antiques.
 27828 | D:15     | Bought a green potion for 34 gold pieces
 27828 | D:15     | Bought a scroll of identify for 76 gold pieces
 27828 | D:15     | Bought a scroll of identify for 76 gold pieces
 28954 | D:15     | Found a staircase to the Depths.
 29229 | Shoals:1 | Entered Level 1 of the Shoals
 30241 | Shoals:2 | Reached skill level 20 in Spellcasting
 30332 | Shoals:2 | Reached XP level 16. HP: 77/79 MP: 42/42
 30534 | Shoals:2 | Offered knowledge of Poison Arrow by Vehumet.
 31604 | Shoals:3 | Noticed Nikola
 31608 | Shoals:3 | Killed Nikola
 31930 | Shoals:4 | Entered Level 4 of the Shoals
 32074 | Shoals:4 | Found the +12 glaive of Prune {chop}
 32457 | Shoals:4 | Reached skill level 21 in Spellcasting
 32575 | Shoals:4 | Got a barnacled rune of Zot
 32599 | Shoals:4 | Found a runed translucent gate.
 32606 | Shoals:4 | Found a runed translucent gate.
 32607 | Shoals:4 | Found a runed translucent gate.
 32609 | Shoals:4 | Noticed XanderDroid's ghost (adept MiBe)
 32902 | Shoals:4 | Offered knowledge of Conjure Ball Lightning by Vehumet.
 33306 | Shoals:4 | Got a bound glass ring
 33351 | Shoals:4 | Killed XanderDroid's ghost
 33517 | Shoals:4 | Identified the cursed ring "Dotyzept" {*Drain rC+ Dex-2
                  | Stlth+} (You found it on level 4 of the Shoals)
 33826 | Spider:1 | Entered Level 1 of the Spider Nest
 33839 | Spider:1 | Learned a level 8 spell: Ignition
 33865 | Spider:1 | Noticed Azrael
 33869 | Spider:1 | Killed Azrael
 34554 | Spider:1 | Reached XP level 17. HP: 83/83 MP: 33/44
 34555 | Spider:1 | Reached skill level 5 in Earth Magic
 35046 | Spider:1 | Found a runed translucent door.
 35925 | Spider:1 | Got a smoking ring mail
 35936 | Spider:1 | Identified the cursed +0 ring mail of Tum Pepp {Dex+3} (You
                  | found it on level 1 of the Spider Nest)
 36171 | Spider:2 | Offered knowledge of Lehudib's Crystal Spear by Vehumet.
 36171 | Spider:2 | Offered knowledge of Fire Storm by Vehumet.
 36171 | Spider:2 | Offered knowledge of Chain Lightning by Vehumet.
 36305 | Spider:2 | Found a runed translucent door.
 36307 | Spider:2 | Noticed Ijustatesigmund's ghost (adept OpFi)
 36822 | Spider:2 | Killed Ijustatesigmund's ghost
 37071 | Spider:3 | Reached skill level 22 in Spellcasting
 37232 | Spider:3 | Noticed Arachne
 37443 | Spider:3 | Noticed Mara
 37449 | Spider:3 | Noticed nikopol's illusion
 37590 | Spider:3 | Killed Mara
 37792 | Spider:3 | Upgraded the game from 0.24-a0-309-g1095bca to
                  | 0.24-a0-312-g16217b4
 38493 | Spider:3 | Killed Arachne
 38770 | Spider:4 | Entered Level 4 of the Spider Nest
 39406 | Spider:4 | Reached skill level 5 in Shields
 39824 | Spider:4 | HP: 2/84 [spark wasp (15)]
 39824 | Spider:4 | Slain by a spark wasp

Levels and vault maps discovered:
D:1:      ncdulo_wetmaze, layout_basic, ebering_dispersal_statue_hall
D:2:      layout_basic, kennysheep_cross_bottleneck, uniq_terence, uniq_sigmund
D:3:      minmay_recursive_quarters, layout_loops_ring
D:4:      layout_loops_ring, first_ration, enter_ossuary_1
D:5:      layout_cave_pods, overflow_temple_1_default,
          minmay_temple_entry_ruins, serial_shops, shop, glass_columns_b
D:6:      layout_loops_corners, serial_shops, shop, uniq_eustachio
D:7:      layout_rooms, the_bakery, led_sif_book
D:8:      layout_basic, gammafunk_ghost_cemetery, serial_shops, shop, uniq_grum,
          uniq_pikel
D:9:      layout_rooms
D:10:     layout_small_grid, erik_lair_island, orc_0_dummy, serial_shops, shop,
          uniq_erolcha
D:11:     minmay_evil_eye, layout_gridville, basic_altar,
          nicolae_trove_entry_crystal
D:12:     layout_gridville, chequers_serial_rivers_large_b,
          minmay_quadrilaterals
D:13:     layout_gridville, basic_altar
D:14:     gargoyle_guard, layout_long_grid, skrybe_vaults_entry_preservation,
          basic_altar, hex_tiny
D:15:     grunt_enter_depths_snipers, layout_cave_pods, chequers_avenue,
          serial_shops, nicolae_shop_behind_doors
Temple:   compressed_dpeg_circular_temple
Lair:1:   layout_hall_layers, ebering_ghost_reflecting_pool, grunt_megastairs_2,
          minmay_lair_oklob_chamber
Lair:2:   layout_regular_city, minmay_shoals_entry_beasts,
          spider_nest_entry_funnel_web, chequers_serial_rivers_micro_d,
          uniq_sonja, uniq_gastronok
Lair:3:   layout_regular_city, grunt_megastairs_3, lemuel_fruit_fields,
          lemuel_fruit_fields
Lair:4:   layout_roguey, patterned_corridor, grunt_megastairs_4
Lair:5:   layout_regular_city, minmay_slime_entry_pillars,
          nicolae_quartered_pool_little, cheibrodos_lair_reptile_den,
          lemuel_fruit_fields, infiniplex_staircase_pool
Lair:6:   minmay_lair_end_enchanted_forest, layout_cave_pods
Shoals:1: layout_shoals
Shoals:2: layout_shoals, nicolae_shoals_undead_eyrie
Shoals:3: layout_shoals, uniq_nikola
Shoals:4: shoals_end_grunt_ice, layout_shoals, ebering_ghost_rock_garden
Spider:1: cheibrodos_spider_deadly_dance, uniq_azrael
Spider:2: layout_spider_delve, ebering_ghost_inner_flame
Spider:3: layout_spider_delve, uniq_arachne, uniq_mara
Spider:4: spider_rune_water
Orc:1:    layout_diamond_mine, serial_shops
Orc:2:    pubby_orc_utopia, serial_shops

Skill      XL: |  1  2  3  4  5  6  7  8  9 10 11 12 13 14 15 16 17 |
---------------+----------------------------------------------------+-----
Shields        | 1 2 3 4 5 |  5.0
Fire Magic     | 4 5 6 7 8 9 11 12 13 14 15 16 17 | 17.6
Stealth        | 3 4 5 |  5.5
Spellcasting   | 4 5 6 8 9 11 13 15 17 18 20 21 22 | 22.3
Conjurations   | 2 3 4 5 7 9 10 12 13 14 15 16 17 | 17.9
Dodging        | 3 4 5 |  5.8
Armour         | 2 3 5 |  5.9
Evocations     | 1 |  1.1
Earth Magic    | 3 4 6 |  6.6
Fighting       | 1 2 |  2.0

Action                   |  1- 3 |  4- 6 |  7- 9 | 10-12 | 13-15 | 16-18 || total
-------------------------+-------+-------+-------+-------+-------+-------++-------
Melee: Staff             |       |       |       |       |     2 |       ||     2
 Cast: Flame Tongue      |    64 |   117 |   232 |   241 |   185 |     2 ||   841
       Conjure Flame     |     1 |     1 |     3 |     5 |    11 |       ||    21
       Sticky Flame      |       |       |    27 |    35 |    52 |    34 ||   148
       Throw Flame       |       |       |     6 |     7 |     2 |       ||    15
       Fireball          |       |       |    17 |   121 |   456 |   295 ||   889
       Iron Shot         |       |       |       |       |    90 |    93 ||   183
       Freezing Cloud    |       |       |       |       |     1 |       ||     1
       Ignition          |       |       |       |       |       |    15 ||    15
 Abil: Evoke Flight      |       |       |       |       |     1 |       ||     1
Evoke: Wand              |       |       |     3 |     2 |       |       ||     5
  Use: Scroll            |       |     5 |     5 |     6 |    26 |    11 ||    53
       Potion            |       |       |       |     1 |     2 |     6 ||     9
  Eat: Chunk             |     1 |     5 |    17 |    26 |    51 |    17 ||   117
       Ration            |       |       |     1 |     1 |     1 |     5 ||     8
Armor: Robe              |     2 |     1 |     4 |       |     4 |     4 ||    15
       Leather armour    |       |       |    11 |     9 |    16 |    31 ||    67
Dodge: Dodged            |    13 |    12 |    41 |    23 |    59 |    99 ||   247
Block: Buckler           |     1 |     1 |    12 |    23 |    50 |    51 ||   138

Table legend:
 A = Non-vault XP
 B = Vault XP
 C = Vault XP percentage of total XP
 D = Non-vault monster count
 E = Vault monster count
 F = Vault count percentage of total count
                 A         B        C        D         E       F
            +---------+---------+-------+---------+---------+-------
      Total |  165284 |  116760 |  41.4 |     785 |     391 |  33.2
            +---------+---------+-------+---------+---------+-------
        D:1 |      38 |       0 |   0.0 |      23 |       0 |   0.0
        D:2 |      63 |     248 |  79.7 |      24 |       2 |   7.7
        D:3 |     287 |      15 |   5.0 |      33 |       6 |  15.4
        D:4 |     250 |       0 |   0.0 |      10 |       0 |   0.0
        D:5 |     784 |       0 |   0.0 |      24 |       0 |   0.0
        D:6 |    1327 |     202 |  13.2 |      43 |       1 |   2.3
        D:7 |    1986 |     407 |  17.0 |      34 |       4 |  10.5
        D:8 |    1670 |    1136 |  40.5 |      30 |       5 |  14.3
        D:9 |    2111 |       0 |   0.0 |      33 |       0 |   0.0
       D:10 |    3287 |    1686 |  33.9 |      33 |       8 |  19.5
       D:11 |    6312 |     454 |   6.7 |      47 |       3 |   6.0
       D:12 |    7283 |     917 |  11.2 |      33 |       3 |   8.3
       D:13 |    2813 |       0 |   0.0 |      13 |       0 |   0.0
       D:14 |   10861 |    8305 |  43.3 |      28 |      18 |  39.1
       D:15 |    3622 |    2328 |  39.1 |      13 |       3 |  18.8
     Lair:1 |     487 |    2021 |  80.6 |       4 |       5 |  55.6
     Lair:2 |    7550 |    4756 |  38.6 |      25 |       7 |  21.9
     Lair:3 |    8613 |    2074 |  19.4 |      26 |       3 |  10.3
     Lair:4 |    4782 |     452 |   8.6 |      12 |       2 |  14.3
     Lair:5 |    5198 |     869 |  14.3 |      18 |       6 |  25.0
     Lair:6 |   10003 |    8128 |  44.8 |      32 |      43 |  57.3
   Shoals:1 |   10777 |       0 |   0.0 |      22 |       0 |   0.0
   Shoals:2 |   11460 |    1913 |  14.3 |      27 |       8 |  22.9
   Shoals:3 |   12902 |    3878 |  23.1 |      27 |       1 |   3.6
   Shoals:4 |    5695 |   20177 |  78.0 |      13 |      31 |  70.5
   Spider:1 |   12191 |   10904 |  47.2 |      39 |      25 |  39.1
   Spider:2 |   13660 |    2605 |  16.0 |      42 |       2 |   4.5
   Spider:3 |    7592 |   11368 |  60.0 |      20 |       2 |   9.1
   Spider:4 |    7533 |    7995 |  51.5 |      16 |      21 |  56.8
      Orc:1 |    4147 |       0 |   0.0 |      41 |       0 |   0.0
      Orc:2 |       0 |   23539 | 100.0 |       0 |     145 | 100.0
    Ossuary |       0 |     383 | 100.0 |       0 |      37 | 100.0
            +---------+---------+-------+---------+---------+-------
